 Dungeon Crawl Stone Soup version 0.32-a0-42-ga30500b4d3 (webtiles) character file.

Game seed: 770068861706373433

133 cforsyth the Trooper (level 5, -2/41 HPs)
             Began as a Djinni Warper on Feb 3, 2024.
             Slain by Grinder (4 damage)
             ... while paralysed by Grinder
             ... on level 3 of the Dungeon.
             The game lasted 00:02:39 (2521 turns).

cforsyth the Trooper (Djinni Warper)                Turns: 2521, Time: 00:02:40

Health: -2/41      AC:  4    Str: 10    XL:     5   Next: 40%
Gold:   130        EV:  2    Int: 16    God:
                   SH:  0    Dex: 13

rFire   + + .        p - +2 dagger (venom)
rCold   x . .        (no shield)
rNeg    . . .        b - +0 leather armour
rPois   ∞            i - +0 helmet
rElec   .            (no cloak)
rCorr   .            (no gloves)
SInv    .            (boots unavailable)
Will    .....        (no amulet)
Stlth   +            (no ring)
HPRegen 0.26/turn    (no ring)
MPRegen 0.00/turn

%: infuse magic (-3 HP)
@: paralysed, flying
A: sickness immunity, fire resistance 2, cold vulnerability 1, float, innate
caster, HP casting, extra vitality 1
a: no special abilities


You were on level 3 of the Dungeon.
You visited 1 branch of the dungeon, and saw 3 of its levels.

You collected 130 gold pieces.

Inventory:

Hand Weapons
 a - a +0 falchion
 p - a +2 dagger of venom (weapon)
Missiles
 d - 7 darts of dispersal (quivered)
 u - 2 poisoned darts
 w - 4 curare-tipped darts
Armour
 b - a +0 leather armour (worn)
 i - a +0 helmet (worn)
Wands
 v - a wand of quicksilver (8)
 x - a wand of digging (2)
Scrolls
 c - 2 scrolls of blinking
 f - a scroll of vulnerability {unknown}
 g - 2 scrolls of identify {unknown}
 h - a scroll of amnesia {unknown}
 j - a scroll of fog {unknown}
 l - a scroll of fear {unknown}
 r - a scroll of silence {unknown}
 s - a scroll of enchant armour {unknown}
 t - 2 scrolls of teleportation {unknown}
 y - a scroll of poison {unknown}
 z - a scroll of brand weapon {unknown}
Potions
 e - 3 potions of haste {unknown}
 k - 3 potions of curing {unknown}
 m - a potion of attraction {unknown}
 n - a potion of degeneration {unknown}
 o - a potion of heal wounds {unknown}
 q - a potion of mutation {unknown}


   Skills:
 + Level 3.9 Fighting
 - Level 1.7 Long Blades
 - Level 0.7 Throwing
 - Level 1.0 Armour
 - Level 2.1 Dodging
 + Level 3.9 Spellcasting
 + Level 3.9 Conjurations
 + Level 3.9 Hexes
 + Level 3.9 Summonings
 + Level 3.9 Necromancy
 + Level 3.9 Translocations
 + Level 3.9 Fire Magic
 + Level 3.9 Ice Magic
 + Level 3.9 Air Magic
 + Level 3.9 Earth Magic
 + Level 3.9 Alchemy


You knew the following spells:

 Your Spells              Type           Power      Damage    Failure   Level
a - Blink                 Tloc           30%        N/A       7%          2
b - Lesser Beckoning      Tloc           30%        N/A       7%          2
c - Teleport Other        Tloc           15%        N/A       14%         3
d - Manifold Assault      Tloc           15%        N/A       43%         4
e - Vhi's Electric Charg  Tloc/Air       30%        N/A       43%         4
f - Apportation           Tloc           30%        N/A       4%          1
g - Mercury Vapours       Alch/Air       30%        N/A       7%          2
Your spell library was empty.

Dungeon Overview and Level Annotations

Branches:
Dungeon (3/15)

Altars:
Xom

Annotations:
D:3 Grinder


Innate Abilities, Weirdness & Mutations

You are immune to sickness and miasma.
You are immune to poison.
Your flesh is very heat resistant. (rF++)
You are vulnerable to cold. (rC-)
You float through the air rather than walking.
You learn spells naturally, not from books.
Your magical power is your life essence.
You have superior vitality. (+4 MHP)


Message History

You closely miss Grinder.
Grinder is severely wounded.
Grinder looks more healthy.
Grinder gestures at you. Pain shoots through your body!
* * * LOW HITPOINT WARNING * * *
You barely miss Grinder.
Grinder is severely wounded.
Grinder misses you.
You hit Grinder.
Grinder is severely wounded.
Grinder gestures at you.
You struggle to resist.
Cast which spell? (? or * to list)
Okay, then.
Cast which spell? (? or * to list)
Aiming: Mercury Vapours (safe; 7% risk of failure)
Press: ? - help, Dir - move target, f - Grinder
Aim: Grinder (severely wounded, chance to weaken: 63%)
Okay, then.
Unknown command.
You hit Grinder.
Grinder is almost dead.
Grinder gestures at you.
You struggle to resist.
You hit Grinder.
Grinder is almost dead.
Grinder hits you but does no damage.
You closely miss Grinder.
Grinder is almost dead.
Grinder blinks!
You closely miss Grinder.
Grinder is almost dead.
Grinder gestures at you.
You suddenly lose the ability to move!
Grinder hits you.
* * * LOW HITPOINT WARNING * * *
You writhe in agony.
You die...
Grinder says, "Now the real fun starts!"

#..# #. #.# #.#### #..# #.#
###.### #....# +..# ...
#.....# #.##.### #..#
#.#.###.###.###.......
#..#### #.......#
#......#...# .......
...##.#.#.###.###.###.##
.#....# .. #.#.....#
#...###. #.#
#.####.###.#####.###.## #.#
#.....@§.....##)..#...# #.#
##...5...###.#..#...#..
######.###
#.###.#.###.#.###.###.
.........# #.#
#..........)###...
######.#.# #.#
###>###.#.#######.
#.#.###.#####.###.#..#...#..
#.#............##.##.......#
#.#####.##.#.............###
###
#.#####†##.....##.########


You could see Grinder.

Vanquished Creatures
  Jessica (D:3)
  3 adders
  A dart slug (D:3)
  3 ribbon worms
  2 orcs (D:3)
  8 endoplasms
  2 giant cockroaches (D:1)
  6 hobgoblins
  14 jackals
  A quokka (D:2)
  3 ball pythons (D:1)
  A bat (D:2)
  2 frilled lizards
  8 goblins
  4 kobolds
  3 rats
62 creatures vanquished.

Notes
Turn   | Place    | Note
-------+----------+-------------------------------------------
     0 | D:1      | cforsyth the Djinni Warper began the quest for the Orb.
     0 | D:1      | cforsyth set off with the following spells memorised:
                  | Blink, Lesser Beckoning, Teleport Other, Manifold Assault,
                  | Vhi's Electric Charge.
     0 | D:1      | Reached XP level 1. HP: 18/18 MP: 0/0
   208 | D:1      | Reached XP level 2. HP: 13/23 MP: 0/0
   535 | D:1      | Found a faded altar of an unknown god.
   635 | D:1      | Reached XP level 3. HP: 27/29 MP: 0/0
   635 | D:1      | Learned a level 1 spell: Apportation
  1400 | D:2      | Reached XP level 4. HP: 35/35 MP: 0/0
  1717 | D:2      | Found a shimmering altar of Xom.
  2226 | D:3      | Reached XP level 5. HP: 31/40 MP: 0/0
  2226 | D:3      | Learned a level 2 spell: Mercury Vapours
  2330 | D:3      | Noticed Jessica
  2334 | D:3      | Killed Jessica
  2498 | D:3      | Noticed Grinder
  2500 | D:3      | Paralysed by Grinder for 2 turns
  2520 | D:3      | Paralysed by Grinder for 5 turns
  2521 | D:3      | HP: 2/41 [Grinder (5)]
  2521 | D:3      | Slain by Grinder

Illustrated notes

Levels and vault maps discovered:
D:1:      lemuel_arrival_muddy, layout_loops_corners,
          shapermc_ecumenical_altar_mp_highgroup, minmay_tetromino_i4
D:2:      layout_basic, basic_altar
D:3:      layout_loops_ring, nicolae_hexahallways, minmay_between, uniq_grinder,
          uniq_jessica

Skill      XL: |  1  2  3 |
---------------+----------+-----
Spellcasting   | 3 |  3.9
Conjurations   | 3 |  3.9
Hexes          | 3 |  3.9
Summonings     | 3 |  3.9
Necromancy     | 3 |  3.9
Translocations | 3 |  3.9
Fire Magic     | 3 |  3.9
Ice Magic      | 3 |  3.9
Air Magic      | 3 |  3.9
Earth Magic    | 3 |  3.9
Alchemy        | 3 |  3.9
Fighting       | 3 |  3.9
Long Blades    | |  1.7
Throwing       | |  0.7
Armour         | |  1.0
Dodging        | |  2.1

Action                     |  1- 3 |  4- 6 || total
---------------------------+-------+-------++-------
  Melee: Falchion          |    58 |       ||    58
         Punch             |     2 |     3 ||     5
         Dagger            |    29 |   102 ||   131
 Armour: Leather armour    |    59 |    48 ||   107
  Dodge: Dodged            |    84 |    64 ||   148

Table legend: (Time is in decaauts)
 A = Elapsed time spent in this place.
 B = Non-inter-level travel time spent in this place.
 C = Inter-level travel time spent in this place.
 D = Time resting spent in this place.
 E = Time spent auto-exploring this place.
 F = Levels seen in this place.
 G = Mean time per level.
                   A        B        C        D        E       F      G
               +--------+--------+--------+--------+--------+-----+--------+
         Total |   2528 |   2481 |     47 |    153 |   1874 |   3 |  842.7 |
       Dungeon |   2528 |   2481 |     47 |    153 |   1874 |   3 |  842.7 |
               +--------+--------+--------+--------+--------+-----+--------+

Top non-repeatable levels by time:
     D:1: 1235 daAuts
     D:2: 719 daAuts
     D:3: 573 daAuts
